 Dungeon Crawl Stone Soup version 0.22.1-1-ga44c0e56f4 (webtiles) character file.

124 CaptainPlanet the Magician (level 4, 0/24 HPs)
             Began as a Deep Elf Wizard on Oct 17, 2018.
             Slain by a bat (1 damage)
             ... on level 3 of the Dungeon.
             The game lasted 00:23:35 (3860 turns).

CaptainPlanet the Magician (Deep Elf Wizard)        Turns: 3860, Time: 00:23:36

Health: 0/24       AC:  3    Str:  4    XL:     4   Next: 81%
Magic:  0/14       EV: 11    Int: 24    God:
Gold:   81         SH:  0    Dex: 13    Spells: 3/16 levels left

rFire    . . .     SeeInvis .   o - +1 war axe (flame)
rCold    . . .     Gourm    .   (no shield)
rNeg     . . .     Faith    .   g - +0 leather armour
rPois    .         Spirit   .   b - +0 hat
rElec    .         Reflect  .   (no cloak)
rCorr    .         Harm     .   (no gloves)
MR       .....                  (no boots)
Stlth    ++........             (no amulet)
HPRegen  0.08/turn              (no ring)
MPRegen  0.14/turn              (no ring)

@: no status effects
A: no striking features
a: no special abilities


You were on level 3 of the Dungeon.
You were hungry.

You visited 1 branch of the dungeon, and saw 3 of its levels.

You collected 81 gold pieces.

Inventory:

Hand Weapons
 f - a +0 dagger
 m - a +0 short sword of draining
 o - a +1 war axe of flaming (weapon)
Armour
 a - a +0 robe
 b - a +0 hat (worn)
 g - a +0 leather armour (worn)
Scrolls
 e - a scroll of random uselessness {unknown}
 i - 3 scrolls of remove curse
 j - a scroll of identify
 p - a scroll of noise {unknown}
Potions
 c - a potion of ambrosia
 h - a potion of mutation
 k - 2 potions of degeneration
 n - a potion of cancellation {unknown}
Comestibles
 d - 2 rations


   Skills:
 + Level 0.3 Fighting
 + Level 0.6 Armour
 - Level 2.4 Dodging
 - Level 2.6 Stealth
 * Level 6.6 Spellcasting
 + Level 2.4 Conjurations
 + Level 1.1 Summonings
 + Level 1.1 Translocations
 + Level 0.1 Air Magic


You had 3 spell levels left.
You knew the following spells:

 Your Spells              Type           Power        Failure   Level  Hunger
a - Magic Dart            Conj           ###.         4%          1    None
b - Blink                 Tloc           N/A          13%         2    None
c - Slow                  Hex            #.......     21%         2    None
d - Call Imp              Summ           ##......     13%         2    None
e - Conjure Flame         Conj/Fire      ##......     24%         3    None
f - Mephitic Cloud        Conj/Pois/Air  ##......     28%         3    None

Your spell library contained the following spells:

 Spells                   Type           Power        Failure   Level  Hunger


Dungeon Overview and Level Annotations

Branches:
Dungeon (3/15)

Altars:

Annotations:
D:2 Sigmund, Terence


Message History

Found a ration.
You hit the orc wizard but do no damage.
You closely miss the bat. The bat closely misses you.
The orc wizard hits you but does no damage.
The bat hits you.
* * * LOW HITPOINT WARNING * * *
The gnoll closely misses you.
The orc wizard casts a spell.
The orc wizard blinks!
Casting: Blink (safe; 13% risk of failure)
Confirm with . or Enter, or press ? or * to list all spells.
You blink. 3 goblins and a hobgoblin come into view.
The orc wizard barely misses you.
Found a ruby ring.
The bat closely misses you. The orc wizard hits you with a dagger.
* * * LOW HITPOINT WARNING * * *
A gnoll zombie comes into view.
The bat hits you.
You die... gg.

#.#### .g. #o# #g#
#.# #.#### #####.# #
#..=. ..##.#
#.##%.### #.##.# #
#..o...g#####.##.##.#
####b###............#
#@# #.####........
#.# #o####..######
#.# #g......# ...
#o.###.## ... #..#
#g# ##### ....Z#..#
#o# #...##.....#..#
#.#
#.#..#.....#..###.#
#...## #....go#


You could see an orc wizard, a gnoll zombie (dormant), 2 goblins and a bat.

Vanquished Creatures
  2 gnolls (D:3)
  An adder (D:3)
  2 oozes
  3 leopard geckos
  6 orcs (D:3)
  10 bats
  7 giant cockroaches
  5 goblins
  8 hobgoblins
  7 jackals
  6 kobolds
  2 quokkas (D:3)
  6 frilled lizards
  9 rats
74 creatures vanquished.

Notes
Turn   | Place    | Note
-------+----------+-------------------------------------------
     0 | D:1      | CaptainPlanet the Deep Elf Wizard began the quest for the
                  | Orb.
     0 | D:1      | Reached XP level 1. HP: 10/10 MP: 7/7
   322 | D:1      | Reached skill level 5 in Spellcasting
   325 | D:1      | Reached XP level 2. HP: 13/15 MP: 2/10
   624 | D:1      | Learned a level 2 spell: Blink
   627 | D:1      | Learned a level 2 spell: Slow
   630 | D:1      | Learned a level 2 spell: Call Imp
   986 | D:1      | Reached XP level 3. HP: 19/19 MP: 8/12
  1136 | D:1      | Learned a level 3 spell: Conjure Flame
  1140 | D:1      | Learned a level 3 spell: Mephitic Cloud
  1911 | D:2      | Noticed Sigmund
  2405 | D:2      | Found a faded altar of an unknown god.
  2452 | D:2      | Noticed Terence
  2642 | D:3      | Reached skill level 6 in Spellcasting
  2816 | D:3      | Reached XP level 4. HP: 24/24 MP: 8/14
  3859 | D:3      | HP: 1/24 [orc wizard/dagger (3)]
  3860 | D:3      | Slain by a bat

Skill      XL: |  1  2  3  4 |
---------------+-------------+-----
Spellcasting   | 5 6 |  6.6
Conjurations   | 2 |  2.4
Fighting       | |  0.3
Armour         | |  0.6
Dodging        | |  2.4
Stealth        | |  2.6
Summonings     | |  1.1
Translocations | |  1.1
Air Magic      | |  0.1

Action                   |  1- 3 |  4- 6 || total
-------------------------+-------+-------++-------
Melee: Dagger            |    27 |       ||    27
       Short sword       |       |     8 ||     8
       War axe           |       |     3 ||     3
 Cast: Magic Dart        |   109 |    60 ||   169
       Blink             |     4 |     5 ||     9
       Mephitic Cloud    |     4 |     3 ||     7
       Conjure Flame     |     3 |     4 ||     7
  Use: Scroll            |       |     5 ||     5
  Eat: Chunk             |     2 |     3 ||     5
       Ration            |     1 |       ||     1
Armor: Robe              |     4 |       ||     4
       Leather armour    |    27 |    13 ||    40
Dodge: Dodged            |    45 |    28 ||    73
